 Dungeon Crawl Stone Soup version 0.31-a0-574-g69dc8cc98e (webtiles) character file.

Game seed: 9662745984020725770

8572 thirtiethelement the Covert (level 11, -7/77 HPs)
             Began as a Demonspawn Shapeshifter on Aug 19, 2023.
             Was a Priest of Makhleb.
             Killed from afar by an efreet (22 damage)
             ... with a fireball
             ... on level 9 of the Dungeon.
             The game lasted 01:02:41 (10161 turns).

thirtiethelement the Covert (DsSh)                 Turns: 10161, Time: 01:02:42

Health: -7/77      AC:  8    Str: 18    XL:     11   Next: 11%
Magic:  0/17       EV: 18    Int:  9    God:    Makhleb [***...]
Gold:   147        SH:  5    Dex: 17    Spells: 18/19 levels left

rFire   x . .        a - +0 falchion (heavy)
rCold   + . .        (no shield)
rNeg    + . .        M - +0 swamp dragon scales
rPois   +            (helmet currently unavailable)
rElec   .            (cloak currently unavailable)
rCorr   .            (gloves currently unavailable)
SInv    .            (boots currently unavailable)
Will    .....        O - amulet of reflection
Stlth   ++++         n - +5 ring of evasion
HPRegen 0.32/turn    L - ring "Imaohif" {Ice rN+ Str+3}
MPRegen 0.30/turn

%: reflection, guardian spirit
@: beast-form
A: beast (slay +2), claws 1, hooves 2, horns 2, magic shield, magic
regeneration, demonic magic 1, dopey 1
a: Begin Untransformation, Renounce Religion, Minor Destruction, Lesser Servant
of Makhleb


You were on level 9 of the Dungeon.
You worshipped Makhleb.
Makhleb was most pleased with you.
You were a hulking beast.
You visited 2 branches of the dungeon, and saw 10 of its levels.
You also visited: Sewer and Ossuary.

You collected 399 gold pieces.
You spent 252 gold pieces at shops.

Inventory:

Hand Weapons
 a - a +0 heavy falchion (weapon)
 N - a +4 quarterstaff of chaos
Missiles
 l - 24 poisoned darts
 q - 2 javelins (quivered)
 Q - a curare-tipped dart
Armour
 g - a scarf of harm
 G - +0 steam dragon scales
 K - a +1 cloak
 M - +0 swamp dragon scales (worn)
 P - a +1 pair of gloves
Jewellery
 n - a +5 ring of evasion (left claw)
 C - a ring of protection from fire
 D - a ring of protection from cold
 L - the ring "Imaohif" (right claw) {Ice rN+ Str+3}
   (You acquired it on level 6 of the Dungeon)

   [ring of ice]

   Ice:       It enhances your ice magic.
   Str+3:     It affects your strength (+3).
   rF-:       It makes you vulnerable to fire.
   rC+:       It protects you from cold.
   rN+:       It protects you from negative energy.
 O - an amulet of reflection (around neck)
Talismans
 c - a beast talisman (active)
 d - a flux talisman
 m - a serpent talisman
 o - a maw talisman
Wands
 p - a wand of digging (7)
 A - a wand of polymorph (12)
 J - a wand of mindburst (7)
Scrolls
 e - 9 scrolls of noise
 i - 3 scrolls of teleportation
 j - 2 scrolls of fear
 k - 4 scrolls of poison
 u - a scroll of revelation
 y - 3 scrolls of fog
 B - a scroll of butterflies
 E - a scroll of torment
 F - 2 scrolls of immolation
 H - a scroll of enchant armour
 I - a scroll of brand weapon
Potions
 b - a potion of lignification
 f - 2 potions of berserk rage {unknown}
 h - a potion of curing
 r - a potion of enlightenment {unknown}
 s - a potion of cancellation {unknown}
 t - a potion of heal wounds {unknown}
 v - 2 potions of might {unknown}
 w - 2 potions of magic {unknown}
 x - a potion of brilliance {unknown}
 z - 4 potions of haste {unknown}


   Skills:
 + Level 4.2 Fighting
 + Level 5.6 Long Blades
 + Level 0.3 Throwing
 + Level 4.5 Armour
 + Level 4.8 Dodging
 + Level 9.4 Stealth
 + Level 1.7 Shields
 + Level 5.6 Unarmed Combat
 + Level 4.5 Spellcasting
 + Level 3.8 Conjurations
 + Level 1.2 Evocations
 + Level 4.4 Shapeshifting


You had 18 spell levels left.
You knew the following spells:

 Your Spells              Type           Power      Damage    Failure   Level
a - Magic Dart            Conj           32%        1d4       9%          1

Your spell library contained the following spells:

 Spells                   Type           Power      Damage    Failure   Level
 Call Imp                 Summ           4%         N/A       54%         2
 Poisonous Vapours        Pois/Air       4%         N/A       54%         2
 Mephitic Cloud           Conj/Pois/Air  4%         N/A       58%         3
 Gell's Gravitas          Tloc           2%         N/A       78%         3
 Teleport Other           Tloc           2%         N/A       78%         3
 Freezing Cloud           Conj/Ice/Air   3%         6-21      100%        5
 Dispersal                Tloc           1%         N/A       100%        6


Dungeon Overview and Level Annotations

Branches:
Dungeon (9/15)             Temple (1/1) D:4            Lair (0/5) D:8
  Sewer (visited)         Ossuary (visited)
    Orc: D:9-12

Altars:
Ashenzari
Cheibriados
Dithmenos
Fedhas
Gozag
Hepliaklqana
Kikubaaqudgha
Makhleb
Nemelex Xobeh
Qazlal
Ru
Sif Muna
Trog
Uskayaw
Vehumet
Wu Jian
Xom
Yredelemnul

Shops:
D:3 (   D:4 (   D:6 ?


Innate Abilities, Weirdness & Mutations

You are a hulking beast.
Your limbs bulge with bestial killing power. (Slay +2)
You have sharp fingernails.
You have hoof-like feet.
You have a pair of horns on your head.
When hurt, damage is shared between your health and your magic reserves.
You regenerate magic rapidly.
Spells you cast may paralyse adjacent enemies.
You are dopey. (Int -2)


Message History

Casting: Magic Dart (safe; 9% risk of failure)
Confirm with . or Enter, or press ? or * to list all spells.
Aiming: Magic Dart (safe; 9% risk of failure)
Press: ? - help, Shift-Dir - straight line, f - steam dragon
Aim: a steam dragon (100% to hit)
You miscast Magic Dart.
You are very lightly contaminated with residual magic.
Nothing appears to happen.
You are engulfed in a cloud of scalding steam.
The steam dragon misses you. You block the steam dragon's attack.
The orc warrior closely misses you.
Casting: Magic Dart (safe; 9% risk of failure)
Confirm with . or Enter, or press ? or * to list all spells.
Aiming: Magic Dart (safe; 9% risk of failure)
Press: ? - help, Shift-Dir - straight line, f/p - steam dragon
Aim: a steam dragon (100% to hit)
The magic dart hits the steam dragon.
The steam dragon is lightly wounded.
Malevolent energies surge around you.
The steam dragon suddenly stops moving!
The orc warrior suddenly stops moving!
You are engulfed in a cloud of scalding steam.
The orc warrior is engulfed in a cloud of scalding steam.
The helpless steam dragon fails to defend itself.
You slash the steam dragon! You kick the steam dragon.
The steam dragon is heavily wounded.
You are engulfed in a cloud of scalding steam.
* * * LOW HITPOINT WARNING * * *
An efreet comes into view.
It is wielding a +3 scimitar of flaming.
The steam dragon is no longer paralysed.
The steam dragon breathes steam at you. The ball of steam hits you.
The steam scalds you terribly!
* * * LOW HITPOINT WARNING * * *
You hear an angry hiss.
You hear a roar!
You hear a bellow!
You are engulfed in a cloud of scalding steam.
* * * LOW HITPOINT WARNING * * *
The efreet puts on a burst of speed as it pursues you!
Your magical contamination has completely faded away.
The efreet gestures at you.
The fireball explodes!
The fireball engulfs you!! The fire burns you terribly!
You die...

. ####....... .. #..#...... ...
#....o## ....###...†.#
#○○....§#..# .. #..☼○☼..####
##.... #..###RD#..# .#.... ....
#.§§§..#......# ###..
#.§#h.###....###
.....#######........... ..#
.#.......#..#..#.........# #.#
.... ##.....#...........######.#
.... #.....###...##....##...##.#
..# #........##....##...##.#
..#######..............##...##.#
..#..#..#....#.....#...##...##.#
.....#......##..............##.#


You could see an efreet (pursuing) and a steam dragon (catching breath).

Vanquished Creatures
  2 two-headed ogres
  The ghost of sigtrap the Covert, a novice SpBr of Ashenzari (D:8)
  Pikel (D:7)
  Maurice (D:8)
  Psyche (D:8)
  Maggie (D:6)
  Prince Ribbit (D:8)
  A shadow (D:8)
  A wraith (D:7)
  A steam dragon (D:6)
  2 wyverns
  Menkaure (D:7)
  2 water moccasins
  3 orc warriors
  2 sky beasts (D:7)
  3 black bears
  3 ice beasts
  4 ogres
  A centaur (D:5)
  2 phantoms (D:6)
  2 kobold brigands (D:8)
  2 bullfrogs (D:8)
  4 scorpions
  2 gnoll sergeants
  A wight (D:8)
  18 killer bees
  3 howler monkeys
  2 human zombies (Ossuary)
  A centaur zombie (Ossuary)
  4 hounds
  3 jellies
  Crazy Yiuf (D:7)
  2 orc priests
  An iguana (D:6)
  Jessica (D:3)
  3 sleepcaps
  Natasha (thrice) (D:2)
  8 orc wizards
  5 mummies (Ossuary)
  Robin (D:2)
  10 adders
  10 gnolls
  4 river rats (Sewer)
  2 shadow imps
  A white imp (D:8)
  An ufetubus (D:6)
  3 worms
  A dart slug (D:5)
  25 orcs
  4 bats
  4 endoplasms
  5 giant cockroaches
  2 gnoll zombies (Ossuary)
  13 goblins
  11 hobgoblins
  4 quokkas
  13 ball pythons
  12 frilled lizards
  A goblin zombie (Ossuary)
  2 hobgoblin zombies (Ossuary)
  15 kobolds
  8 rats
252 creatures vanquished.

Notes
Turn   | Place    | Note
-------+----------+-------------------------------------------
     0 | D:1      | thirtiethelement the Demonspawn Shapeshifter began the
                  | quest for the Orb.
     0 | D:1      | Reached XP level 1. HP: 15/15 MP: 1/1
   111 | D:1      | Discovered your monstrous ancestry.
   111 | D:1      | Gained mutation: You have a pair of small horns on your
                  | head. [demonic ancestry]
   111 | D:1      | Reached XP level 2. HP: 21/21 MP: 2/2
   615 | D:2      | Noticed Natasha
   621 | D:2      | Killed Natasha
   622 | D:2      | Gained mutation: Spells you cast may paralyse adjacent
                  | enemies. [demonic ancestry]
   622 | D:2      | Reached XP level 3. HP: 11/26 MP: 3/3
   962 | D:2      | Reached XP level 4. HP: 29/32 MP: 4/4
   998 | D:2      | Noticed Natasha
  1003 | D:2      | Killed Natasha
  1330 | D:2      | Noticed Natasha
  1336 | D:2      | Killed Natasha
  1337 | D:2      | Reached XP level 5. HP: 28/37 MP: 5/5
  1402 | D:2      | Noticed Robin
  1410 | D:2      | Killed Robin
  1616 | D:3      | Noticed Jessica
  1621 | D:3      | Killed Jessica
  1710 | D:3      | Found a glowing drain.
  1729 | Sewer    | Entered a sewer
  2275 | D:3      | Gained mutation: You regenerate magic rapidly. [demonic
                  | ancestry]
  2275 | D:3      | Reached XP level 6. HP: 43/43 MP: 6/6
  2415 | D:3      | Reached skill level 1 in Stealth
  2415 | D:3      | Reached skill level 5 in Unarmed Combat
  2513 | D:3      | Found Ser Tunt's Antique Weapon Shop.
  2872 | D:4      | Found a staircase to the Ecumenical Temple.
  3178 | D:4      | Found Poleock's Antique Weapon Shoppe.
  3412 | D:4      | Learned a level 1 spell: Magic Dart
  3674 | Temple   | Entered the Ecumenical Temple
  3832 | D:3      | Bought a glowing falchion for 168 gold pieces
  3883 | D:5      | Entered Level 5 of the Dungeon
  3909 | D:5      | Gained mutation: You have sharp fingernails. [demonic
                  | ancestry]
  3909 | D:5      | Reached XP level 7. HP: 24/49 MP: 7/7
  4055 | D:5      | Reached skill level 1 in Armour
  4326 | D:5      | Found a broken altar of Ashenzari.
  4326 | D:5      | Found a radiant altar of Vehumet.
  4327 | D:5      | Found a shimmering blue altar of Sif Muna.
  4327 | D:5      | Found a burning altar of Makhleb.
  4327 | D:5      | Found an ancient bone altar of Kikubaaqudgha.
  4339 | D:5      | Became a worshipper of Makhleb the Destroyer
  4359 | D:5      | Reached skill level 1 in Long Blades
  4359 | D:5      | Reached skill level 1 in Spellcasting
  4359 | D:5      | Reached skill level 1 in Conjurations
  4425 | D:5      | Reached skill level 2 in Stealth
  4764 | D:6      | Found Liri's Magic Scroll Shop.
  4772 | D:6      | Noticed a steam dragon
  4930 | D:6      | Found a sand-covered staircase.
  4935 | Ossuary  | Entered an ossuary
  5132 | Ossuary  | Reached * piety under Makhleb
  5133 | Ossuary  | Gained mutation: When hurt, damage is shared between your
                  | health and your magic reserves. [demonic ancestry]
  5133 | Ossuary  | Reached XP level 8. HP: 51/56 MP: 8/10
  5162 | Ossuary  | Reached skill level 3 in Stealth
  5365 | D:6      | Reached skill level 4 in Stealth
  5562 | D:6      | Found an ornate altar of the Wu Jian Council.
  5680 | D:6      | Reached skill level 5 in Stealth
  6175 | D:6      | Bought a scroll of identify for 28 gold pieces
  6175 | D:6      | Bought a scroll of identify for 28 gold pieces
  6175 | D:6      | Bought a scroll of identify for 28 gold pieces
  6178 | D:6      | Identified a scroll of acquirement
  6179 | D:6      | Acquired the ring "Imaohif" {Ice rN+ Str+3}
  6359 | D:7      | Gained mutation: You have a pair of horns on your head.
                  | [demonic ancestry]
  6359 | D:7      | Reached XP level 9. HP: 62/63 MP: 9/12
  6366 | D:7      | Noticed Maggie
  6480 | D:6      | Reached ** piety under Makhleb
  6753 | D:6      | Killed Maggie
  6754 | D:6      | Reached skill level 6 in Stealth
  7206 | D:7      | Noticed Pikel
  7233 | D:7      | Killed Pikel
  7234 | D:7      | Reached skill level 7 in Stealth
  7284 | D:7      | Found a runed translucent door.
  7285 | D:7      | Noticed Crazy Yiuf
  7293 | D:7      | Killed Crazy Yiuf
  7384 | D:7      | Noticed Menkaure
  7391 | D:7      | Killed Menkaure
  7578 | D:7      | Identified the +2 ring mail of Tenacity {rF+ rC- SInv}
  7790 | D:7      | Gained mutation: Your spells are a little easier to cast,
                  | but a little less powerful. [potion of mutation]
  7790 | D:7      | Gained mutation: Armour fits poorly on your strangely
                  | shaped body. [potion of mutation]
  7790 | D:7      | Gained mutation: Your spells are easier to cast, but less
                  | powerful. [potion of mutation]
  7791 | D:7      | Lost mutation: Your spells are easier to cast, but less
                  | powerful. [potion of mutation]
  7791 | D:7      | Lost mutation: Armour fits poorly on your strangely shaped
                  | body. [potion of mutation]
  7791 | D:7      | Gained mutation: You are robust. (+10% HP) [potion of
                  | mutation]
  7791 | D:7      | Lost mutation: Your spells are a little easier to cast, but
                  | a little less powerful. [potion of mutation]
  7792 | D:7      | Lost mutation: You are robust. (+10% HP) [potion of
                  | mutation]
  7792 | D:7      | Gained mutation: You are dopey. (Int -2) [potion of
                  | mutation]
  7818 | D:8      | Noticed sigtrap's ghost (novice SpBr)
  7822 | D:8      | Noticed a two-headed ogre
  7825 | D:8      | Gained mutation: You have large cloven feet. [demonic
                  | ancestry]
  7825 | D:8      | Reached XP level 10. HP: 57/70 MP: 9/15
  8138 | D:8      | Reached skill level 8 in Stealth
  8405 | D:8      | Reached *** piety under Makhleb
  8446 | D:8      | Found a hazy altar of Hepliaklqana.
  8561 | D:8      | Found a staircase to the Lair.
  8573 | D:8      | Noticed Maurice
  8585 | D:8      | Killed Maurice
  8586 | D:8      | Reached skill level 5 in Long Blades
  8654 | D:8      | Found a transporter.
  8663 | D:8      | Noticed Prince Ribbit
  8674 | D:8      | Killed Prince Ribbit
  8705 | D:8      | Noticed Psyche
  8711 | D:8      | Killed Psyche
  8712 | D:8      | Reached skill level 1 in Shields
  8972 | D:8      | Found a transporter.
  9009 | D:8      | Killed a two-headed ogre
  9010 | D:8      | Reached skill level 9 in Stealth
  9216 | D:8      | Killed sigtrap's ghost
  9217 | D:8      | Reached skill level 1 in Evocations
  9304 | D:9      | Noticed a two-headed ogre
  9375 | D:9      | HP: 2/71 [two-headed ogre/+0 giant club (14)]
  9611 | D:9      | Killed a two-headed ogre
  9612 | D:9      | Gained mutation: You have hoof-like feet. [demonic
                  | ancestry]
  9612 | D:9      | Reached XP level 11. HP: 24/77 MP: 3/17
 10078 | D:9      | Found a sacrificial altar of Ru.
 10161 | D:9      | Killed from afar by an efreet

Illustrated notes

Levels and vault maps discovered:
D:1:      matt_arrival_spirals, layout_rooms, nrook_campfire
D:2:      layout_basic, minmay_pentomino_q2, uniq_natasha, uniq_robin
D:3:      layout_loops_ring, serial_shops, nicolae_shop_tiny_glass,
          portal_sewer_entry_f, chequers_serial_rivers_micro_d,
          grunt_ministairs_9, uniq_jessica
D:4:      layout_basic, minmay_temple_entry_wispy, serial_shops,
          nicolae_shop_advertising_works [nicolae_subvault_shop_adworks],
          chequers_serial_rivers_micro_d
D:5:      layout_basic, grunt_temple_overflow_open, minmay_crystal_room
D:6:      minmay_skewed_foursquare, layout_basic, kennysheep_little_box,
          enter_ossuary_5, serial_shops, nicolae_diamond_shop,
          kennysheep_generic_room_12
D:7:      layout_cave_pools, uniq_crazy_yiuf_cottage, uniq_pikel, uniq_maggie,
          uniq_menkaure
D:8:      layout_basic, nicolae_hepliaklqana_hippocampus, lair_entry_dummy,
          gammafunk_ghost_smash, kennysheep_generic_room_7, uniq_maurice,
          uniq_prince_ribbit1, uniq_psyche
D:9:      hangedman_cross_cluster, layout_basic, nicolae_ru_path_of_blood,
          serial_shops, shop
Temple:   nicolae_temple_ecumenical_triangle

Skill      XL: |  1  2  3  4  5  6  7  8  9 10 |
---------------+-------------------------------+-----
Dodging        | 2 3 4 |  4.8
Unarmed Combat | 3 4 5 |  5.6
Shapeshifting  | 3 4 |  4.4
Stealth        | 1 2 5 7 9 |  9.4
Armour         | 1 2 3 4 |  4.5
Long Blades    | 1 3 4 5 |  5.6
Spellcasting   | 1 2 3 4 |  4.5
Conjurations   | 1 2 3 |  3.8
Fighting       | 2 3 4 |  4.2
Shields        | 1 |  1.7
Evocations     | 1 |  1.2
Throwing       | |  0.3

Action                     |  1- 3 |  4- 6 |  7- 9 | 10-12 || total
---------------------------+-------+-------+-------+-------++-------
  Melee: Unarmed           |    89 |   241 |       |       ||   330
         Headbutt          |     7 |    39 |    49 |    27 ||   122
         Punch             |     1 |     4 |     7 |     9 ||    21
         Falchion          |       |     9 |   201 |   126 ||   336
         Kick              |       |       |       |    35 ||    35
  Throw: Javelin           |     2 |       |     2 |     2 ||     6
   Cast: Magic Dart        |       |     5 |   172 |   107 ||   284
  Evoke: Wand              |       |       |       |    12 ||    12
    Use: Scroll            |     4 |     2 |    13 |     2 ||    21
         Potion            |       |       |     5 |       ||     5
   Stab: Sleeping          |     1 |     3 |     3 |     2 ||     9
         Paralysed         |       |     1 |   112 |    58 ||   171
 Armour: Animal skin       |    12 |     9 |       |       ||    21
         Ring mail         |       |    18 |    49 |       ||    67
         Steam dragon scal |       |       |    26 |       ||    26
         Swamp dragon scal |       |       |    17 |    61 ||    78
  Dodge: Dodged            |    57 |   177 |   416 |   193 ||   843
  Block: Other             |       |       |     9 |    63 ||    72
         Reflection        |       |       |       |     1 ||     1

Table legend: (Time is in decaauts)
 A = Elapsed time spent in this place.
 B = Non-inter-level travel time spent in this place.
 C = Inter-level travel time spent in this place.
 D = Time resting spent in this place.
 E = Time spent auto-exploring this place.
 F = Levels seen in this place.
 G = Mean time per level.
                   A        B        C        D        E       F      G
               +--------+--------+--------+--------+--------+-----+--------+
         Total |  10439 |  10365 |     74 |   1902 |   3847 |  12 |  869.9 |
       Dungeon |   9791 |   9717 |     74 |   1885 |   3847 |   9 | 1087.9 |
        Temple |     22 |     22 |      0 |      0 |      0 |   1 |   22.0 |
         Sewer |    319 |    319 |      0 |      0 |      0 |   1 |  319.0 |
       Ossuary |    305 |    305 |      0 |     17 |      0 |   1 |  305.0 |
               +--------+--------+--------+--------+--------+-----+--------+

Top non-repeatable levels by time:
     D:6: 1788 daAuts
     D:8: 1584 daAuts
     D:7: 1182 daAuts
     D:3: 1116 daAuts
     D:5: 992 daAuts
     D:2: 946 daAuts
     D:4: 908 daAuts
     D:9: 689 daAuts
     D:1: 585 daAuts
   Sewer: 319 daAuts
 Ossuary: 305 daAuts
  Temple: 22 daAuts
